 Dungeon Crawl Stone Soup version 0.26.0-10-g1f06aea511 (webtiles) character file.

Game seed: 14486136966816502939

105 dracos369 the Archer (level 4, 0/25 HPs)
             Began as a Deep Elf Hunter on Jan 21, 2021.
             Slain by an orc (1 damage)
             ... on level 3 of the Dungeon.
             The game lasted 00:05:06 (2081 turns).

dracos369 the Archer (Deep Elf Hunter)              Turns: 2081, Time: 00:05:06

Health: 0/25       AC:  3    Str: 10    XL:     4   Next: 54%
Magic:  6/6        EV: 12    Int: 16    God:
Gold:   82         SH:  0    Dex: 15    Spells: 3/3 levels left

rFire    . . .     SeeInvis .   b - +0 short sword
rCold    . . .     Faith    .   (no shield)
rNeg     . . .     Spirit   .   c - +0 leather armour
rPois    .         Reflect  .   (no helmet)
rElec    .         Harm     .   (no cloak)
rCorr    .         Rampage  .   (no gloves)
Will     .....                  (no boots)
Stlth    ++........             (no amulet)
HPRegen  0.08/turn              (no ring)
MPRegen  0.10/turn              (no ring)

@: no status effects
A: no striking features
a: no special abilities


You were on level 3 of the Dungeon.
You visited 1 branch of the dungeon, and saw 3 of its levels.

You collected 82 gold pieces.

Inventory:

Hand Weapons
 a - a +1 shortbow
 b - a +0 short sword (weapon)
Missiles
 d - 28 arrows
Armour
 c - a +0 leather armour (worn)
Scrolls
 e - 2 scrolls of identify {unknown}
 f - 2 scrolls of remove curse {unknown}
 g - 2 scrolls of immolation {unknown}
 h - a scroll of enchant armour {unknown}
 i - a scroll of amnesia {unknown}
 j - a scroll of enchant weapon {unknown}
 m - a scroll of teleportation {unknown}
Potions
 l - a potion of invisibility {unknown}
 n - a potion of flight {unknown}


   Skills:
 - Level 1.5 Fighting
 + Level 8.0 Bows
 - Level 2.4 Dodging
 - Level 1.2 Stealth


You had 3 spell levels left.
You didn't know any spells.
Your spell library was empty.

Dungeon Overview and Level Annotations

Branches:
Dungeon (3/15)

Altars:
Vehumet


Message History

You shoot an arrow.
Unknown command.
You barely miss the worm.
The worm is lightly wounded.
The worm closely misses you. The orc hits you.
b - a +0 short sword (weapon)
The worm bites you.
You bump into the rock wall.
The orc hits you but does no damage.
You bump into the rock wall.
You feel less confused. The orc barely misses you. The worm bites you!
You hit the worm.
The worm is lightly wounded.
The orc hits you but does no damage. x2
You hit the worm.
The worm is lightly wounded.
The worm bites you!
* * * LOW HITPOINT WARNING * * *
The orc hits you.
You die...

........####.......
≈......rw..(.$...o.
.≈.....!..........o
.≈...?.............
≈......####.#...♣♣
....... #(# ♣.PP
....... #(# ..
≈≈###.# #w# ## #@#
#o....♣ #####.♣


You could see a worm and an orc.

Vanquished Creatures
  An adder (D:2)
  2 oozes (D:1)
  A worm (D:2)
  4 dart slugs
  3 leopard geckos
  11 bats
  A giant cockroach (D:2)
  10 goblins
  7 hobgoblins
  10 jackals (D:1)
  A quokka (D:2)
  3 ball pythons
  4 frilled lizards
  5 kobolds
  8 rats
71 creatures vanquished.

Notes
Turn   | Place    | Note
-------+----------+-------------------------------------------
     0 | D:1      | dracos369 the Deep Elf Hunter began the quest for the Orb.
     0 | D:1      | Reached XP level 1. HP: 12/12 MP: 3/3
    64 | D:1      | Reached skill level 6 in Bows
    64 | D:1      | Reached XP level 2. HP: 7/16 MP: 4/4
   432 | D:1      | Reached XP level 3. HP: 16/20 MP: 5/5
   984 | D:1      | Reached skill level 7 in Bows
  1520 | D:2      | Reached XP level 4. HP: 25/25 MP: 6/6
  1590 | D:2      | Found a radiant altar of Vehumet.
  2072 | D:3      | Reached skill level 8 in Bows
  2081 | D:3      | HP: 1/25 [worm (11)]
  2081 | D:3      | Slain by an orc

Illustrated notes

Levels and vault maps discovered:
D:1:      roderic_dead_forest, layout_basic
D:2:      layout_rooms, marbit_many_paths
D:3:      cheibrodos_helix_gallery, layout_loops_cross, serial_forest,
          infiniplex_forest_diagonal, infiniplex_forest_join,
          infiniplex_forest_clump_tiny, infiniplex_forest_clump_medium,
          infiniplex_forest_lined_2, infiniplex_forest_split,
          infiniplex_forest_clump_long, minmay_snake_closets, uniq_ijyb,
          uniq_terence

Skill      XL: |  1  2  3  4 |
---------------+-------------+-----
Bows           | 6 7 8 |  8.0
Fighting       | |  1.5
Dodging        | |  2.4
Stealth        | |  1.2

Action                   |  1- 3 |  4- 6 || total
-------------------------+-------+-------++-------
Melee: Short sword       |    47 |     6 ||    53
       Shortbow          |       |     1 ||     1
 Fire: Shortbow          |    83 |    60 ||   143
  Use: Potion            |       |     1 ||     1
Armor: Leather armour    |    14 |     9 ||    23
Dodge: Dodged            |    46 |    17 ||    63
